 Dungeon Crawl Stone Soup version 0.32-a0-558-g233958a4c4 (webtiles) character file.

Game seed: 723766430218822271

2173161 CarefulOdds the Worldbinder (level 26, 264/264 HPs)
             Began as a Mountain Dwarf Reaver on Feb 16, 2024.
             Was the Champion of Ashenzari.
             Escaped with the Orb
             ... and 4 runes on Mar 1, 2024!
             The game lasted 03:45:37 (77056 turns).

CarefulOdds the Worldbinder (MDRe)                 Turns: 77056, Time: 03:45:37

Health: 264/264    AC: 32    Str: 25    XL:     26   Next: 30%
Magic:  47/47      EV: 17    Int: 32    God:    Ashenzari [******]
Gold:   4195       SH:  0    Dex: 12    Spells: 4/66 levels left

rFire   + + +        v - +9 great mace of Ashenzari's Loss {vamp, *Corrode rF+++ rC+ Int+3, Comp, Bglg} (curse)
rCold   + . .        (shield currently unavailable)
rNeg    . . .        Q - +5 faerie dragon scales {rPois Regen+ rCorr Stlth+, Fort, Comp} (curse)
rPois   +            k - +2 hat of Star-Bound Wisdom {Will+, Cun, Self} (curse)
rElec   +            O - +4 dragonskin cloak {Elem, Comp} (curse)
rCorr   +            I - +2 pair of gloves of Apeoromancy {Cun, Sorc} (curse)
SInv    +            y - +1 pair of boots of the Cryptic Blue Moon {Comp, Elem} (curse)
Will    ++++.        x - amulet of Supernal Wisdom {RegenMP RegenMP+, Bglg, Comp} (curse)
Stlth   +            e - ring of Supernal Understanding {rElec rCorr Str+4, Comp, Self} (curse)
HPRegen 1.44/turn    W - ring "Stellar Panentheism" {Will+ Str+3 Int+6 Dex+4 Stlth+, Elem, Self} (curse)
MPRegen 0.70/turn

%: corrode self (3%), clarity
@: studying Staves
A: runic magic, artefact enchanting, mutation resistance 1, inability to drink
after injury 1
0: Orb of Zot
}: 4/15 runes: decaying, serpentine, slimy, silver
a: Renounce Religion, Shatter the Chains


You escaped.
You worshipped Ashenzari.
Ashenzari was exalted by your worship.
You visited 11 branches of the dungeon, and saw 54 of its levels.
You visited the Abyss 2 times.
You also visited: Volcano and Wizlab.

You collected 8851 gold pieces.
You spent 4656 gold pieces at shops.

Inventory:

Hand Weapons
 v - the cursed +9 great mace of Ashenzari's Loss (weapon) {vamp, *Corrode rF+++ rC+ Int+3, Comp, Bglg}
   (You bought it in a shop on level 6 of the Dungeon)

   Int+3:     It affects your intelligence (+3).
   rF+++:     It renders you almost immune to fire.
   rC+:       It protects you from cold.
   *Corrode:  It may corrode you when you take damage.
   It has a curse which improves the following skills: Companions: Summonings
   and Necromancy.
   Beguiling: Hexes and Translocations.
Armour
 k - the cursed +2 hat of Star-Bound Wisdom (worn) {Will+, Cun, Self}
   (You found it on level 5 of the Pits of Slime)

   It has a curse which improves the following skills: Cunning: Dodging and
   Stealth.
   Introspection: Fighting and Spellcasting.
 y - the cursed +1 pair of boots of the Cryptic Blue Moon (worn) {Comp, Elem}
   (You found it on level 3 of the Swamp)

   It has a curse which improves the following skills: Companions: Summonings
   and Necromancy.
   Elements:  Fire Magic, Ice Magic, Air Magic and Earth Magic.
 C - +2 gold dragon scales
 I - the cursed +2 pair of gloves of Apeoromancy (worn) {Cun, Sorc}
   (You found it on level 2 of the Dungeon)

   It has a curse which improves the following skills: Cunning: Dodging and
   Stealth.
   Sorcery:   Conjurations and Alchemy.
 O - the cursed +4 dragonskin cloak (worn) {Elem, Comp}
   (You took it off Tiamat on level 4 of the Realm of Zot)

   Avatar's Aegis: It grants the wearer a chance to resist fire, cold, poison,
   electricity, acid, and negative energy.
   It has a curse which improves the following skills: Elements: Fire Magic, Ice
   Magic, Air Magic and Earth Magic.
   Companions: Summonings and Necromancy.
 Q - the cursed +5 faerie dragon scales (worn) {rPois Regen+ rCorr Stlth+, Fort, Comp}
   (You took it off the Enchantress on level 4 of the Depths)

   rPois:     It protects you from poison Regen+: It increases your rate of
   health regeneration.
   rCorr:     It protects you from acid and corrosion.
   Stlth+:    It makes you more stealthy.
   It has a curse which improves the following skills: Fortitude: Armour and
   Shields.
   Companions: Summonings and Necromancy.
Jewellery
 b - the ring "Woruplet" {Int+5 Slay+4}
   (You found it on level 13 of the Dungeon)

   [ring of slaying]

   Int+5:     It affects your intelligence (+5).
   Slay+4:    It affects your accuracy & damage with ranged weapons and melee
   (+4).
 e - the cursed ring of Supernal Understanding (left hand) {rElec rCorr Str+4, Comp, Self}
   (You found it on level 13 of the Dungeon)

   [ring of resist corrosion]

   Str+4:     It affects your strength (+4).
   rElec:     It insulates you from electricity.
   rCorr:     It protects you from acid and corrosion.
   It has a curse which improves the following skills: Companions: Summonings
   and Necromancy.
   Introspection: Fighting and Spellcasting.
 x - the cursed amulet of Supernal Wisdom (around neck) {RegenMP RegenMP+, Bglg, Comp}
   (You took it off a centaur on level 12 of the Dungeon)

   [amulet of magic regeneration]

   RegenMP:   It increases your rate of magic regeneration.
   RegenMP+:  It increases your rate of magic regeneration.
   It has a curse which improves the following skills: Beguiling: Hexes and
   Translocations.
   Companions: Summonings and Necromancy.
 J - a ring of magical power
 T - a ring of flight
 W - the cursed ring "Stellar Panentheism" (right hand) {Will+ Str+3 Int+6 Dex+4 Stlth+, Elem, Self}
   (You bought it in a shop on level 1 of the Orcish Mines)

   [ring of intelligence]

   Str+3:     It affects your strength (+3).
   Int+6:     It affects your intelligence (+6).
   Dex+4:     It affects your dexterity (+4).
   Will+:     It increases your willpower.
   Stlth+:    It makes you more stealthy.
   It has a curse which improves the following skills: Elements: Fire Magic, Ice
   Magic, Air Magic and Earth Magic.
   Introspection: Fighting and Spellcasting.
Wands
 i - a wand of acid (34)
 o - a wand of iceblast (61)
 r - a wand of flame (151)
 D - a wand of digging (22)
 H - a wand of mindburst (75)
 K - a wand of paralysis (67)
 V - a wand of polymorph (22)
Scrolls
 a - 9 scrolls of poison
 c - a scroll of acquirement
 f - 2 scrolls of silence
 g - 3 scrolls of fear
 t - 17 scrolls of teleportation
 B - 3 scrolls of blinking
 E - 8 scrolls of vulnerability
 F - 2 scrolls of amnesia
 L - 7 scrolls of immolation
 M - 2 scrolls of revelation
 N - 9 scrolls of fog
 U - 2 scrolls of brand weapon
 X - 7 scrolls of enchant weapon
 Z - a scroll of summoning
Potions
 d - 14 potions of might
 h - 6 potions of haste
 j - 4 potions of ambrosia
 l - 6 potions of heal wounds
 m - 8 potions of brilliance
 n - 2 potions of resistance
 p - 6 potions of invisibility
 q - 14 potions of curing
 u - 4 potions of mutation
 z - 6 potions of lignification
 A - 7 potions of attraction
 G - 6 potions of cancellation
 P - 2 potions of magic
 R - 5 potions of berserk rage
 S - 7 potions of enlightenment
Miscellaneous
 s - a phial of floods
 w - a sack of spiders
 Y - a lightning rod (4/4)


   Skills:
 + Level 22.4(26.7) Fighting
 - Level 16.9 Maces & Flails
 + Level 22.1(24.2) Armour
 + Level 9.4(13.0) Dodging
 + Level 16.3(20.9) Spellcasting
 - Level 6.1(8.6) Conjurations
 - Level 22.9(27) Summonings
 - Level 17.6(25.0) Necromancy
 - Level 3.8(7.0) Translocations
 - Level 8.0(12.7) Fire Magic
 - Level 3.0(6.8) Ice Magic
 - Level 8.4(13.1) Earth Magic
 - Level 6.3 Evocations


You had 4 spell levels left.
You knew the following spells:

 Your Spells              Type           Power      Damage    Failure   Level
a - Kiss of Death         Conj/Necr      100%       2d13      0%          1
b - Borgnjor's Vile Clut  Necr/Erth      50%        N/A       0%          5
c - Summon Cactus Giant   Summ           58%        N/A       0%          6
d - Dragon's Call         Summ           58%        N/A       1%          9
e - Apportation           Tloc           100%       N/A       1%          1
g - Passage of Golubria   Tloc           68%        N/A       1%          4
h - Haunt                 Necr/Summ      58%        N/A       1%          7
l - Lee's Rapid Deconstr  Erth           43%        3d21*     1%          5
m - Manifold Assault      Tloc           68%        N/A       1%          4
r - Animate Dead          Necr           100%       N/A       0%          4
y - Summon Hydra          Summ           58%        N/A       0%          7
D - Death's Door          Necr           57%        N/A       3%          9

Your spell library contained the following spells:

 Spells                   Type           Power      Damage    Failure   Level
 Necrotise                Necr           100%       1d9       0%          1
 Sandblast                Erth           100%       2d20      0%          1
 Summon Small Mammal      Summ           100%       N/A       0%          1
 Sublimation of Blood     Necr           100%       N/A       0%          2
 Fugue of the Fallen      Necr           100%       N/A       0%          3
 Passwall                 Erth           87%        N/A       0%          3
 Summon Ice Beast         Ice/Summ       96%        N/A       0%          3
 Vampiric Draining        Necr           100%       2d13      0%          3
 Animate Armour           Summ/Erth      100%       N/A       0%          4
 Summon Blazeheart Golem  Fire/Summ      100%       N/A       0%          4
 Freeze                   Ice            100%       1d10      1%          1
 Magic Dart               Conj           100%       1d8       1%          1
 Slow                     Hex            100%       N/A       1%          1
 Sting                    Conj/Alch      100%       1d9       1%          1
 Blink                    Tloc           100%       N/A       1%          2
 Cigotuvi's Dreadful Rot  Necr/Alch/Air  100%       N/A       1%          2
 Jinxbite                 Hex            72%        N/A       1%          2
 Lesser Beckoning         Tloc           100%       N/A       1%          2
 Mercury Vapours          Alch/Air       72%        N/A       1%          2
 Momentum Strike          Conj/Tloc      100%       3d10      1%          2
 Searing Ray              Conj           100%       2d8       1%          2
 Static Discharge         Conj/Air       100%       3-8/arc   1%          2
 Dazzling Flash           Conj/Hex       100%       N/A       1%          3
 Frozen Ramparts          Ice            100%       1d16      1%          3
 Gell's Gravitas          Tloc           68%        N/A       1%          3
 Hailstorm                Conj/Ice       70%        3d12      1%          3
 Inner Flame              Hex/Fire       66%        N/A       1%          3
 Mephitic Cloud           Conj/Alch/Air  52%        N/A       1%          3
 Ozocubu's Armour         Ice            67%        N/A       1%          3
 Stone Arrow              Conj/Erth      100%       3d13      1%          3
 Teleport Other           Tloc           68%        N/A       1%          3
 Volatile Blastmotes      Fire/Tloc      100%       2d18      1%          3
 Brom's Barrelling Bould  Conj/Erth      80%        2d9       1%          4
 Dimensional Bullseye     Hex/Tloc       27%        N/A       1%          4
 Flame Wave               Conj/Fire      80%        2d17      1%          4
 Fulminant Prism          Conj/Alch      29%        3d13      1%          4
 Ignite Poison            Fire/Alch      66%        N/A       1%          4
 Iskenderun's Mystic Bla  Conj/Tloc      70%        2d14      1%          4
 Leda's Liquefaction      Alch/Erth      33%        N/A       1%          4
 Petrify                  Alch/Erth      66%        N/A       1%          4
 Confusing Touch          Hex            36%        N/A       2%          3
 Sigil of Binding         Hex            36%        N/A       2%          3
 Tukima's Dance           Hex            36%        N/A       2%          3
 Olgreb's Toxic Radiance  Alch           35%        N/A       9%          4
 Death Channel            Necr           57%        N/A       0%          6
 Monstrous Menagerie      Summ           58%        N/A       0%          7
 Fireball                 Conj/Fire      40%        3d16      1%          5
 Iskenderun's Battlesphe  Conj           73%        2d12      1%          5
 Summon Forest            Summ/Tloc      48%        N/A       1%          5
 Summon Mana Viper        Hex/Summ       88%        N/A       1%          5
 Bombard                  Conj/Erth      40%        9d7       1%          6
 Starburst                Conj/Fire      40%        6d11      1%          6
 Malign Gateway           Summ/Tloc      48%        N/A       1%          7
 Spellforged Servitor     Conj/Summ      49%        N/A       1%          7
 Borgnjor's Revivificati  Necr           57%        N/A       1%          8
 Infestation              Necr           57%        N/A       1%          8
 Freezing Cloud           Conj/Ice/Air   30%        6-21      3%          5
 Irradiate                Conj/Alch      29%        3d21      4%          5
 Metabolic Englaciation   Hex/Ice        27%        N/A       6%          5
 Dispersal                Tloc           34%        N/A       9%          6
 Silence                  Hex/Air        18%        N/A       22%         5
 Conjure Ball Lightning   Conj/Air       29%        3x3d8     22%         6
 Alistair's Intoxication  Alch           23%        N/A       24%         5
 Yara's Violent Unravell  Hex/Alch       18%        3d9       24%         5
 Orb of Destruction       Conj           36%        9d11      24%         7
 Sculpt Simulacrum        Ice/Alch       27%        N/A       34%         6
 Ignition                 Fire           43%        3d12      34%         8
 Ozocubu's Refrigeration  Ice            33%        4d14      45%         7
 Lehudib's Crystal Spear  Conj/Erth      40%        10d10     58%         8
 Eringya's Noxious Bog    Alch           17%        4d6       80%         6
 Disjunction              Tloc           34%        N/A       98%         8
 Discord                  Hex            18%        N/A       100%        8
 Maxwell's Capacitive Co  Air            18%        ∞         100%        8
 Polar Vortex             Ice            33%        12d4*     100%        9


Dungeon Overview and Level Annotations

Branches:
Dungeon (15/15)            Temple (0/1) D:5            Lair (5/5) D:10
  Swamp (4/4) Lair:2        Snake (4/4) Lair:3        Slime (5/5) Lair:4
    Orc (2/2) D:9             Elf (3/3) Orc:2        Vaults (5/5) D:14
  Crypt (2/3) Vaults:2     Depths (4/4) D:15            Zot (5/5) Depths:4
Volcano (visited)          WizLab (visited)

Altars:
Ashenzari
Dithmenos
Elyvilon
Gozag
Hepliaklqana
Kikubaaqudgha
Makhleb
Nemelex Xobeh
Okawaru
Sif Muna
Trog
Wu Jian
Xom
Zin
The Shining One
Beogh
Jiyva

Shops:
D:2 (   D:6 ?([[=   D:12 (*   D:14 *   Orc:1 !==*   Orc:2 :**(   Snake:4 :
Vaults:5 ?!!!   Depths:1 =::   Depths:3 [[((:   Depths:4 =

Portals:
Hell: Depths:1 Depths:2 Depths:3 Depths:4
Abyss: Depths:3
Pandemonium: Depths:2 Depths:4
Ziggurat: Depths:1
Trove: D:10 (give +4 fire dragon scales)

Annotations:
D:10 2 transporters
Lair:2 3 runed translucent doors, Vorhees's ghost, journeyman FoFi
Lair:4 exclusion: downstairs
Snake:2 Vashnia
Snake:3 2 transporters, exclusion: upstairs, Dirtsage's ghost, adept CoGl; Roxanne
Elf:2 3 runed translucent doors
Crypt:2 Boris
Depths:1 1 transporter


Innate Abilities, Weirdness & Mutations

Your spellcasting is much less encumbered by armour.
You can use scrolls of enchantment on lesser artefacts.
You are somewhat resistant to further mutation.
You occasionally lose the ability to drink potions when taking damage.


Message History

The large abomination is heavily damaged.
Your freezing wraith hits the large abomination.
Your freezing wraith freezes the large abomination!!
The large abomination is destroyed!
No target in view!
You climb upwards.
Your summoned allies are left behind.
There is a stone staircase leading down here.
Unknown command.
(D) Dungeon (T) Temple (L) Lair (S) Swamp (P) Snake Pit (M) Slime Pits (O) Orcish Mines (E) Elven Halls (V) Vaults (C) Crypt (U) Depths (H) Hell (Z) Zot
Where to? (Tab/Enter - D:1 @ (x,y), ? - help) Magic restored.
There is a stone staircase leading up here.
You climb upwards.
There is a stone staircase leading down here.
There is a stone staircase leading up here.
You climb upwards.
There is a stone staircase leading down here.
You sense a monster nearby.
MP restored: 47 Unknown command.
Aiming: Dig
Press: ? - help, Shift-Dir - straight line A rock wall.
This square is covered in magical glow.
The rock shatters into small pieces.
Unknown command.
Blink to where?
Press: ? - help, Dir - move target Splash!
You fall into the shallow water.
Moving in this stuff is going to be slow.
As you read the scroll of blinking, it crumbles to dust.
Unknown command.
Blink to where?
Press: ? - help, Dir - move target
As you read the scroll of blinking, it crumbles to dust.
You have escaped!

#.....##÷..~..#...#..##.....†..
##.######÷..~~.....#.##...†.###
#....##.##.≈~.~~....##.....#
########.#.~~~~~..≈####.>.##
#...~.≈≈~~..## #.###
##..~~≈≈~≈≈.## #.#
#.≈≈≈~≈~~~..# #.#
##.~≈≈...~.~~####.#
##..~~..@..~~.##...#
#)#...~~.~~~~.##..##
#.#..~~≈.~~≈~.##.##
###.~≈~≈~~≈~~.####
##...~~~≈~≈≈..##
#≈.....~~≈~~.~.#
##~~~..~~~...~.#
##########..~~~..~.#...##
.........##.~≈~.#..##.#.#


There were no monsters in sight!

Vanquished Creatures
  the Royal Jelly (Slime:5)
  2 dread liches (Zot:5)
  An ancient lich (Vaults:5)
  An orb of fire (Zot:4)
  Mara (Snake:4)
  Bai Suzhen (Snake:4)
  A curse toe (Zot:5)
  2 golden dragons (Zot:4)
  the Enchantress (Depths:4)
  3 electric golems (Zot:5)
  8 Orb Guardians (Zot:5)
  2 tentacled monstrosities
  A deep elf master archer (WizLab)
  4 liches
  A sphinx (Vaults:5)
  A deep elf blademaster (Elf:3)
  4 acid blobs (Slime:5)
  3 death cobs
  2 tentacled starspawn (Abyss:4)
  A storm dragon (Depths:3)
  Aizul (Snake:3)
  2 thorn hunters
  2 azure jellies (Slime:5)
  Kirke (D:13)
  3 fenstrider witches (Swamp:4)
  5 rockslimes
  2 fire giants (Depths:2)
  A shadow dragon (Depths:4)
  3 nagarajas
  2 frost giants (Depths:2)
  A deep elf sorcerer (Elf:3)
  3 deep elf elementalists (Elf:3)
  2 ghouls
  2 vault wardens
  A reaper (Crypt:2)
  An angel (Vaults:4)
  A draconian annihilator (Zot:5)
  3 ironbound preservers
  5 stone giants
  A spriggan defender (Depths:2)
  A cacodemon (Depths:4)
  3 formless jellyfish
  3 quicksilver oozes (Slime:5)
  An orc warlord (Vaults:2)
  A very ugly thing (Depths:2)
  4 eleionomae
  3 deep elf demonologists
  3 deep elf death magi
  Nessos (D:14)
  2 ironbound thunderhulks
  4 deep elf annihilators
  2 spark wasps
  A black draconian (Zot:4)
  5 bunyips
  A purple draconian (Zot:3)
  5 ettins
  A blizzard demon (Swamp:4)
  4 fire dragons
  A deep elf high priest (Elf:3)
  5 yaktaur captains
  3 ghost crabs
  4 shambling mangroves
  2 rakshasas
  2 great orbs of eyes
  5 hydras
  3 spriggan air magi
  4 ironbound frosthearts
  7 vault guards
  4 ice dragons
  2 ogre magi
  10 anacondas
  6 alligators
  9 centaur warriors
  A death knight (D:14)
  2 two-headed ogres (shapeshifter)
  7 dancing weapons
  4 two-headed ogres
  5 catoblepae
  3 satyrs (WizLab)
  5 boulder beetles
  5 death yaks (Lair:5)
  A deep troll earth mage (Depths:1)
  A titan zombie (Crypt:1)
  3 vampire magi
  A deep troll shaman (Depths:2)
  An orc high priest (Orc:2)
  4 thrashing horrors (Abyss:4)
  2 spriggan berserkers
  5 shock serpents
  A hell knight (Volcano)
  A storm dragon zombie (D:15)
  An occultist (Swamp:4)
  10 naga warriors
  8 naga sharpshooters
  2 deep elf knights
  13 spriggans
  A skyshark (Lair:5)
  A wretched star (Abyss:4)
  6 skeletal warriors
  3 salamander mystics
  8 goliath frogs
  An iron troll (Depths:2)
  5 sixfirhies
  3 death drakes (Swamp:4)
  2 swamp dragons
  2 glowing orange brains
  14 deep trolls
  A sea snake (Snake:2)
  7 spriggan druids
  6 mana vipers
  2 bog bodies
  A flayed ghost (D:15)
  Pikel (D:4)
  4 lindwurms
  3 large abominations
  2 phantasmal warriors (Vaults:5)
  A thermic dynamo (Elf:1)
  5 deep elf archers
  11 naga ritualists
  A necromancer (Crypt:1)
  A wolf spider (shapeshifter) (D:13)
  11 deep elf pyromancers
  A harpy (shapeshifter) (Vaults:5)
  A harpy (Vaults:1)
  8 ironbound convokers
  10 orc knights
  19 deep elf zephyrmancers
  3 oklob plants (WizLab)
  2 ugly things
  9 cyclopes
  4 manticores
  3 moths of wrath
  2 will-o-the-wisps
  An orc sorcerer (Orc:1)
  3 fauns (WizLab)
  A faun (shapeshifter) (Vaults:5)
  9 salamanders
  10 nameless horrors
  A meliai (shapeshifter) (D:13)
  38 black mambas
  2 kobold blastminers (Orc:2)
  A water nymph (Zot:5)
  An apocalypse crab (Abyss:4)
  3 guardian serpents (Snake:3)
  8 naga magi
  2 smoke demons (Swamp:4)
  7 vault sentinels
  A fire giant skeleton (Crypt:1)
  An ice statue (D:14)
  3 gargoyles
  4 cane toads
  2 efreet
  Jeremiah (D:5)
  An unseen horror (D:12)
  A kobold demonologist (D:13)
  3 komodo dragons
  3 freezing wraiths
  10 yaktaurs
  3 polar bears
  10 trolls
  A hellwing (Swamp:4)
  Grinder (D:5)
  4 tyrant leeches
  2 bloated husks
  18 hornets
  A hornet (shapeshifter) (D:15)
  6 saltlings (Orc:2)
  4 dream sheep (Lair:4)
  13 blink frogs
  A raiju (Abyss:4)
  A glass eye (Depths:2)
  2 air elementals (Elf:1)
  Sigmund (D:4)
  21 slime creatures
  A centaur simulacrum (D:11)
  3 shadows
  2 water elementals
  2 wyverns
  46 yaks
  3 starcursed masses (Abyss:4)
  2 wraiths
  6 fire elementals
  2 hogs (D:13)
  12 humans
  2 fire bats (Abyss:4)
  7 wargs
  7 golden eyes
  16 vampire mosquitoes
  2 basilisks
  2 steam dragons
  Menkaure (D:7)
  36 nagas
  A naga (shapeshifter) (Elf:2)
  9 swamp worms
  2 acid dragons
  4 hell hounds
  8 water moccasins
  A swamp drake (Lair:2)
  Duvessa (D:4)
  10 orc warriors
  A sky beast (D:8)
  9 ice beasts
  A black bear (shapeshifter) (Elf:1)
  A manticore zombie (Crypt:1)
  7 ogres
  14 wolves
  13 centaurs
  A phantom (D:6)
  4 kobold brigands
  18 bullfrogs
  2 earth elementals
  5 scorpions
  4 gnoll sergeants
  4 wights (D:9)
  7 electric eels
  6 howler monkeys
  2 lava snakes (Lair:3)
  6 hounds
  3 quasits (D:6)
  A wolf skeleton (Crypt:1)
  A bombardier beetle (D:5)
  4 jellies
  12 orc priests
  Ijyb (D:5)
  A gnoll bouda (D:8)
  A sleepcap (D:8)
  3 iguanas
  Terence (D:2)
  8 orc wizards
  3 hell rats (Lair:5)
  A human skeleton (D:8)
  A hound skeleton (D:8)
  6 adders
  17 gnolls
  5 shadow imps (D:6)
  7 white imps
  10 ufetubi
  3 ribbon worms
  49 orcs
  15 ball pythons
  5 endoplasms
  5 giant cockroaches
  14 goblins
  5 hobgoblins
  10 jackals (D:3)
  3 quokkas
  7 bats
  3 frilled lizards
  12 kobolds
  6 rats
  A spectral orc (D:15)
  An aspiring flesh (Zot:3)
1170 creatures vanquished.

Vanquished Creatures (collateral kills)
  3 ancient liches
  Tiamat (Zot:4)
  4 orbs of fire
  A juggernaut (Depths:2)
  Josephina (Depths:3)
  4 Killer Klowns
  A caustic shrike (Depths:2)
  Norris (Depths:3)
  18 golden dragons
  2 bone dragons (Zot:4)
  4 electric golems (Zot:5)
  An Ice Fiend (Zot:4)
  16 Orb Guardians
  3 liches
  7 tentacled monstrosities
  A Hell Sentinel (D:15)
  4 quicksilver dragons
  A deep elf blademaster (Elf:3)
  2 titans (Vaults:5)
  4 sphinxes
  A walking frostbound tome (Depths:4)
  7 acid blobs
  3 deep elf master archers
  An Executioner (D:13)
  3 death cobs
  Agnes (D:15)
  13 storm dragons
  3 draconian monks
  Donald (Snake:1)
  9 shadow dragons
  5 fire giants
  6 nagarajas
  6 protean progenitors
  7 rockslimes
  8 azure jellies
  12 tengu reavers
  A demonspawn warmonger (Zot:3)
  4 fenstrider witches
  4 draconian shifters
  2 iron dragons
  Louise (Snake:4)
  12 vault wardens
  5 deep elf sorcerers
  3 frost giants
  A draconian scorcher (Zot:5)
  2 deep elf elementalists (Elf:3)
  4 draconian knights
  An orc warlord (Vaults:1)
  A ghost moth (Zot:5)
  A curse skull (Vaults:2)
  3 draconian stormcallers
  11 stone giants
  4 ghouls
  6 quicksilver oozes
  7 spriggan defenders
  20 very ugly things
  16 ironbound preservers
  A draconian annihilator (Depths:4)
  6 formless jellyfish
  2 deep elf demonologists
  2 deep elf death magi
  A green draconian (Zot:3)
  5 ironbound thunderhulks
  4 vampire knights
  A demonspawn black sun (Zot:3)
  4 black draconians
  9 red draconians
  4 eleionomae
  2 white draconians (Zot:5)
  7 dire elephants
  A bunyip (Swamp:3)
  A lorocyproca (Zot:3)
  2 spark wasps
  Azrael (Orc:2)
  6 deep elf annihilators
  9 purple draconians
  A war gargoyle (Vaults:5)
  4 yellow draconians
  8 ettins
  2 shambling mangroves
  13 fire dragons
  2 blizzard demons
  6 jiangshi
  12 yaktaur captains
  5 deep elf high priests
  24 vault guards
  A hell beast (Depths:1)
  12 great orbs of eyes
  8 rakshasas
  3 spriggan air magi
  9 ice dragons
  An ogre mage (Swamp:4)
  4 hydras
  A spriggan zombie (Crypt:1)
  2 alligators
  A juggernaut simulacrum (Depths:3)
  A salamander tyrant (Snake:4)
  A caustic shrike simulacrum (Depths:3)
  2 death knights
  8 ironbound frosthearts
  A catoblepas (Lair:5)
  2 anacondas (Snake:3)
  8 centaur warriors
  A death yak (Lair:5)
  2 two-headed ogres
  A dancing weapon (Elf:3)
  6 deep troll earth magi
  2 tengu warriors (Depths:2)
  An Orb Guardian skeleton (Crypt:1)
  2 boulder beetles
  A sphinx skeleton (D:15)
  A spriggan skeleton (Crypt:1)
  A two-headed ogre (shapeshifter) (Vaults:3)
  A jorogumo (shapeshifter) (Vaults:5)
  4 naga sharpshooters
  2 spriggan berserkers (Depths:2)
  3 occultists
  5 deep troll shamans
  5 vampire magi
  17 hell knights
  5 naga warriors
  7 deep elf knights
  17 spriggans
  3 shock serpents
  4 skysharks (Depths:3)
  A wretched star (Abyss:4)
  3 iron trolls
  A salamander mystic (Snake:4)
  4 mana vipers
  2 shadow demons (Depths:4)
  A goliath frog (Swamp:1)
  3 spriggan druids
  An anaconda zombie (Crypt:1)
  39 deep trolls
  2 flayed ghosts
  4 glowing orange brains
  2 naga ritualists
  An obsidian statue (Zot:5)
  3 lindwurms
  5 arcanists
  9 ironbound convokers
  10 orc knights
  9 phantasmal warriors
  3 harpies (Vaults:1)
  11 ugly things
  7 necromancers
  9 deep elf archers
  An orc sorcerer (Swamp:4)
  2 deep elf zephyrmancers (Elf:2)
  A manticore (D:12)
  A will-o-the-wisp (Swamp:4)
  5 shining eyes
  2 cyclopes
  3 deep elf pyromancers
  4 salamanders
  2 nameless horrors
  2 guardian serpents
  12 moths of wrath
  2 naga magi
  12 vault sentinels
  A meliai (shapeshifter) (D:14)
  A water nymph (Zot:5)
  7 black mambas
  A storm dragon simulacrum (Depths:3)
  2 molten gargoyles (Volcano)
  2 gargoyles
  2 large abominations
  4 orange demons (Swamp:4)
  An orb spider zombie (Crypt:1)
  A centaur skeleton (Crypt:1)
  2 cane toads
  A rime drake (Lair:2)
  30 yaktaurs
  A tormentor (D:11)
  4 komodo dragons
  A hellion (Depths:2)
  2 tengu conjurers (Depths:2)
  3 freezing wraiths
  2 hellwings (Swamp:4)
  2 shadow dragon simulacra
  4 trolls
  A saltling (Orc:2)
  12 hornets
  An iron dragon simulacrum (Crypt:1)
  2 glass eyes (Slime:5)
  9 blink frogs
  A dream sheep (Lair:4)
  A fire dragon zombie (Crypt:1)
  A snapping turtle (shapeshifter) (Depths:3)
  A frost giant simulacrum (Depths:3)
  5 yaks
  59 slime creatures
  A slime creature (shapeshifter) (Vaults:3)
  A basilisk (Lair:3)
  2 hogs (D:13)
  5 humans (D:14)
  A wraith (Crypt:2)
  12 golden eyes
  3 wargs
  5 vampire mosquitoes
  A chaos spawn (Swamp:4)
  A swamp worm (Swamp:1)
  4 nagas
  An acid dragon (D:8)
  2 hell hounds
  4 water moccasins
  6 orc warriors
  A hornet zombie (Crypt:2)
  5 laughing skulls (Crypt:2)
  2 wolves
  A centaur (D:8)
  2 kobold brigands (D:13)
  A rime drake skeleton (Crypt:2)
  A bullfrog (Lair:4)
  A komodo dragon skeleton (Crypt:1)
  A naga simulacrum (Crypt:1)
  Dowan (D:4)
  A lava snake (Lair:3)
  A polar bear skeleton (Crypt:1)
  Crazy Yiuf (D:2)
  2 hell rats (Lair:5)
  2 orc wizards
  2 gnolls
  20 orcs
  A goblin (D:4)
  A kobold (D:13)
  2 aspiring fleshes
1019 creatures vanquished.

Vanquished Creatures (others)
  A white draconian (Zot:5)
  3 very ugly thing zombies (Depths:4)
  A jiangshi (Depths:2)
  A deep troll (Depths:4)
  A shadow dragon zombie (Depths:4)
  An ugly thing zombie (Depths:4)
  A stone giant zombie (Depths:4)
  A moth of wrath (Zot:3)
  5 spriggan zombies (Depths:4)
  An iron troll zombie (Depths:4)
  A red draconian zombie (Depths:4)
  A purple draconian zombie (Depths:4)
  A freezing wraith (Vaults:5)
  A yellow draconian zombie (Depths:4)
  A bloated husk (Swamp:2)
  A saltling (Orc:2)
  An ettin zombie (Depths:4)
  3 deep troll zombies (Depths:4)
  A warg (Zot:3)
  A vampire mosquito (Swamp:4)
  A hornet zombie (Depths:4)
  65 blazeheart cores
  2 foxfires (Swamp:4)
  A lurking horror (Abyss:4)
  4 starspawn tentacles (Abyss:4)
101 creatures vanquished.

Grand Total: 2290 creatures vanquished

Notes
Turn   | Place    | Note
-------+----------+-------------------------------------------
     0 | D:1      | CarefulOdds the Mountain Dwarf Reaver began the quest for
                  | the Orb.
     0 | D:1      | Reached XP level 1. HP: 17/17 MP: 3/3
    61 | D:1      | Reached XP level 2. HP: 23/25 MP: 4/4
   105 | D:1      | Learned a level 2 spell: Momentum Strike
   360 | D:1      | Reached XP level 3. HP: 29/30 MP: 5/5
   738 | D:1      | Learned a level 3 spell: Hailstorm
   749 | D:1      | Reached skill level 1 in Necromancy
  1397 | D:1      | Reached skill level 1 in Translocations
  1654 | D:2      | Reached XP level 4. HP: 37/37 MP: 5/7
  1655 | D:2      | Found Sih Ybry's Antique Weapon Shop.
  1826 | D:2      | Noticed Terence
  1853 | D:2      | Killed Terence
  2131 | D:2      | Noticed a scorpion
  2137 | D:2      | Killed a scorpion
  2138 | D:2      | Reached skill level 1 in Armour
  2138 | D:2      | Reached XP level 5. HP: 30/44 MP: 5/8
  2792 | D:2      | Found a runed translucent door.
  2793 | D:2      | Noticed Crazy Yiuf
  2974 | D:3      | Reached XP level 6. HP: 49/51 MP: 9/9
  3002 | D:3      | Reached skill level 1 in Ice Magic
  3390 | D:4      | Found a broken altar of Ashenzari.
  3395 | D:4      | Identified a scroll of acquirement
  3396 | D:4      | Became a worshipper of Ashenzari the Shackled
  3609 | D:4      | Acquired the Lessons on the Vitriolic Gang
  3800 | D:4      | Noticed Duvessa
  3800 | D:4      | Noticed Dowan
  3834 | D:4      | Killed Duvessa
  3835 | D:4      | Reached skill level 5 in Maces & Flails
  3859 | D:4      | Killed Dowan
  3860 | D:4      | Reached XP level 7. HP: 48/58 MP: 1/10
  3971 | D:4      | Noticed Sigmund
  3975 | D:4      | Killed Sigmund
  4078 | D:4      | Noticed Pikel
  4088 | D:4      | Killed Pikel
  4089 | D:4      | Reached skill level 5 in Conjurations
  4089 | D:4      | Reached XP level 8. HP: 49/67 MP: 6/11
  4462 | D:4      | Learned a level 4 spell: Summon Blazeheart Golem
  4495 | D:5      | Entered Level 5 of the Dungeon
  4518 | D:5      | Found a glowing silver altar of Zin.
  4548 | D:5      | Noticed Grinder
  4567 | D:5      | Killed Grinder
  4568 | D:5      | Reached skill level 1 in Summonings
  4568 | D:5      | Reached skill level 1 in Fire Magic
  4713 | D:5      | Noticed Ijyb
  4728 | D:5      | Killed Ijyb
  5311 | D:5      | Reached * piety under Ashenzari
  5368 | D:5      | Found a staircase to the Ecumenical Temple.
  5530 | D:6      | Found Synempu's Antique Weapon Shoppe.
  5587 | D:6      | Reached skill level 5 in Fighting
  5599 | D:6      | Bought a smoking great mace for 276 gold pieces
  5599 | D:6      | Identified the +5 great mace "Optyxess" {vamp, *Corrode
                  | rF+++ rC+ Int+3} (You bought it in a shop on level 6 of the
                  | Dungeon)
  5647 | D:6      | Reached XP level 9. HP: 74/74 MP: 13/13
  5649 | D:6      | Found Meupa's Antique Armour Shoppe.
  5700 | D:6      | Found Ziruadd's Antique Armour Shoppe.
  5836 | D:6      | Learned a level 3 spell: Ozocubu's Armour
  5969 | D:6      | Found Diuguf's Jewellery Boutique.
  6028 | D:6      | Noticed Jeremiah
  6200 | D:5      | Killed Jeremiah
  6632 | D:6      | Found Imuameum's Magic Scroll Boutique.
  6810 | D:7      | Noticed Menkaure
  6827 | D:7      | Reached skill level 5 in Fire Magic
  6850 | D:7      | Killed Menkaure
  7414 | D:7      | Reached XP level 10. HP: 81/84 MP: 10/16
  7768 | D:8      | Found a shadowy altar of Dithmenos.
  7771 | D:8      | Found an ancient bone altar of Kikubaaqudgha.
  7783 | D:8      | Found a bloodstained altar of Trog.
  7785 | D:8      | Found a sparkling altar of Nemelex Xobeh.
  7809 | D:8      | Reached ** piety under Ashenzari
  7885 | D:8      | Reached skill level 5 in Armour
  8011 | D:8      | Noticed a two-headed ogre
  8013 | D:8      | Noticed a deep elf pyromancer
  8014 | D:8      | Noticed a cyan ugly thing
  8019 | D:8      | Noticed an orc knight
  8045 | D:8      | Killed a two-headed ogre
  8046 | D:8      | Reached skill level 5 in Summonings
  8064 | D:8      | Killed a cyan ugly thing
  8129 | D:8      | Killed an orc knight
  8330 | D:8      | Killed a deep elf pyromancer
  8430 | D:8      | Found a burning altar of Makhleb.
  8513 | D:8      | Reached skill level 10 in Maces & Flails
  8909 | D:8      | Noticed a skeletal warrior
  8919 | D:8      | Killed a skeletal warrior
  8920 | D:8      | Reached XP level 11. HP: 55/94 MP: 6/19
  9662 | D:8      | Found a shimmering altar of Xom.
 10078 | D:9      | Found a staircase to the Orcish Mines.
 10206 | D:6      | Bought a masterwork ring mail for 216 gold pieces
 10206 | D:6      | Identified the +0 ring mail of the Constellations {Will+}
                  | (You bought it in a shop on level 6 of the Dungeon)
 10854 | D:9      | Reached *** piety under Ashenzari
 10860 | D:10     | Entered Level 10 of the Dungeon
 10940 | D:10     | Found a portal to a secret trove of treasure.
 10985 | D:10     | Noticed a two-headed ogre
 10992 | D:10     | Killed a two-headed ogre
 11141 | D:10     | Reached **** piety under Ashenzari
 11152 | D:10     | Found a staircase to the Lair.
 11166 | Lair:1   | Entered Level 1 of the Lair of Beasts
 11480 | D:10     | Noticed a two-headed ogre
 11498 | Lair:1   | Reached skill level 5 in Spellcasting
 11654 | Lair:1   | Learned a level 6 spell: Summon Cactus Giant
 11871 | Lair:1   | Reached XP level 12. HP: 106/106 MP: 18/22
 12121 | Lair:1   | Noticed a boulder beetle
 12129 | Lair:1   | Reached skill level 1 in Evocations
 12139 | Lair:1   | Killed a boulder beetle
 12959 | Lair:2   | Found a runed translucent gate.
 12959 | Lair:2   | Found a runed translucent gate.
 13575 | D:6      | Bought a glowing chain mail for 180 gold pieces
 13741 | Lair:2   | Noticed a six-headed hydra
 13747 | Lair:2   | Killed a six-headed hydra
 13855 | Lair:2   | Noticed a six-headed hydra
 13865 | Lair:2   | Killed a six-headed hydra
 14047 | Lair:2   | Found a staircase to the Swamp.
 14224 | Lair:2   | Found a runed translucent gate.
 14350 | Lair:2   | Noticed Vorhees's ghost (journeyman FoFi)
 15088 | Lair:3   | Reached ***** piety under Ashenzari
 15509 | D:2      | Killed Crazy Yiuf
 15971 | Lair:3   | Found a staircase to the Snake Pit.
 16142 | Lair:3   | Reached XP level 13. HP: 111/111 MP: 11/22
 16950 | Lair:4   | Reached skill level 10 in Summonings
 17404 | Lair:4   | Found a viscous altar of Jiyva.
 17404 | Lair:4   | Found a staircase to the Slime Pits.
 17926 | D:6      | Bought a shiny helmet for 217 gold pieces
 18121 | Lair:5   | Entered Level 5 of the Lair of Beasts
 18344 | Lair:5   | Identified the +1 robe of Isatseitz {rElec rF- Archmagi}
 18862 | Lair:5   | Learned a level 4 spell: Animate Dead
 19317 | Lair:5   | Reached ****** piety under Ashenzari
 19445 | Lair:5   | Reached skill level 1 in Earth Magic
 19540 | Lair:5   | Reached skill level 5 in Evocations
 19829 | Lair:5   | Reached skill level 10 in Fighting
 20354 | Orc:1    | Entered Level 1 of the Orcish Mines
 20471 | Orc:1    | Found Eleeciuc's Distillery.
 20545 | Orc:1    | Found Biack's Jewellery Boutique.
 20613 | Orc:1    | Found Qaloxumm's Jewellery Shoppe.
 20822 | Orc:1    | Reached XP level 14. HP: 118/121 MP: 14/24
 21090 | Orc:1    | Found Amukh's Assorted Antiques.
 21158 | Orc:1    | Bought a scroll labelled XUAL UMYHIHALUWNA for 34 gold
                  | pieces
 21165 | Orc:1    | Learned a level 5 spell: Borgnjor's Vile Clutch
 21178 | Orc:1    | Found a roughly hewn altar of Beogh.
 21467 | Orc:2    | Entered Level 2 of the Orcish Mines
 21692 | Orc:2    | Noticed Azrael
 21704 | Orc:2    | Killed Azrael
 21866 | Orc:2    | Found a dark tunnel.
 21872 | Volcano  | Entered a volcano
 22104 | Volcano  | Noticed an orb of fire
 22315 | Volcano  | Noticed an orb of fire
 22845 | Orc:2    | Found a staircase to the Elven Halls.
 22875 | Orc:1    | Bought the ring "Jaloykk" {Will+ Str+3 Int+6 Dex+4 Stlth+}
                  | for 1123 gold pieces
 22958 | Orc:2    | Reached skill level 15 in Maces & Flails
 23041 | Orc:2    | Reached skill level 5 in Necromancy
 23249 | Orc:2    | Found Dufustre's General Store.
 23565 | Orc:2    | Found Qairuonk's Book Boutique.
 23566 | Orc:2    | Found a roughly hewn altar of Beogh.
 23567 | Orc:2    | Found Matsuop's General Store.
 23763 | Orc:2    | Found Ruocaw's Weapon Shoppe.
 23957 | Orc:2    | Found a roughly hewn altar of Beogh.
 24036 | D:10     | Found an iron altar of Okawaru.
 24036 | D:10     | Found an opulent altar of Gozag.
 24036 | D:10     | Found an ornate altar of the Wu Jian Council.
 24071 | D:10     | Found a transporter.
 24159 | D:10     | Found a transporter.
 24164 | D:10     | Found a white marble altar of Elyvilon.
 24343 | D:10     | Identified the Cyclopedia of Frostbitten Terra Firma
 24394 | D:10     | Learned a level 7 spell: Haunt
 25461 | D:12     | Found Zosideo's Weapon Shoppe.
 25465 | D:12     | Found Futwymun's Mayhem Merchandise.
 25644 | D:12     | Reached skill level 10 in Armour
 25965 | D:12     | Identified the +1 robe "Cumuske" {rCorr MP+9}
 26417 | D:13     | Acquired 855 gold pieces
 26574 | Orc:2    | Bought a book of the Warp for 420 gold pieces
 27019 | D:13     | Reached XP level 15. HP: 133/134 MP: 28/28
 27203 | D:13     | Identified the ring "Ameutad" {rElec rCorr Str+4}
 27974 | D:13     | Noticed Kirke
 28001 | D:13     | Killed Kirke
 28037 | D:13     | Identified the ring "Woruplet" {Int+5 Slay+4}
 28263 | D:14     | Noticed Nessos
 28263 | D:14     | Found a gate to the Vaults.
 28310 | D:14     | Killed Nessos
 28943 | D:14     | Learned a level 4 spell: Manifold Assault
 29300 | D:14     | Found Bocvihin's Assorted Antiques.
 29441 | D:15     | Entered Level 15 of the Dungeon
 29682 | D:15     | Noticed Agnes
 29693 | D:15     | Killed Agnes
 29795 | D:15     | Found a staircase to the Depths.
 30232 | D:15     | Found a hazy altar of Hepliaklqana.
 30609 | D:15     | Upgraded the game from 0.32-a0-328-gd8048dd28f to
                  | 0.32-a0-350-g4f4d228785
 30609 | D:15     | Upgraded the game from 0.32-a0-350-g4f4d228785 to
                  | 0.32-a0-519-g08f29ac1c3
 30890 | Snake:1  | Entered Level 1 of the Snake Pit
 31280 | Snake:1  | Noticed Donald
 31288 | Snake:1  | Killed Donald
 31550 | Snake:1  | Reached XP level 16. HP: 137/145 MP: 2/30
 32019 | Snake:1  | Identified the +6 orcbow of Blood {speed, rC++ rCorr MP+9}
 34309 | Snake:3  | Reached skill level 10 in Necromancy
 34844 | Snake:2  | Noticed Vashnia
 35196 | Snake:3  | Identified the serpent talisman of Idealism {Dex+5}
 35196 | Snake:3  | Noticed Aizul
 35277 | Snake:3  | Killed Aizul
 35528 | Snake:3  | Found a transporter.
 35528 | Snake:3  | Noticed Dirtsage's ghost (adept CoGl)
 35552 | Snake:3  | Found a transporter.
 35866 | Snake:3  | Noticed Roxanne
 36128 | Snake:3  | Identified the +9 great mace of the Wheel {drain, Str+3}
 36407 | Snake:4  | Entered Level 4 of the Snake Pit
 36651 | Snake:4  | Learned a level 5 spell: Lee's Rapid Deconstruction
 36714 | Snake:4  | Reached XP level 17. HP: 147/158 MP: 11/33
 37521 | Snake:4  | Reached skill level 5 in Earth Magic
 37607 | Snake:4  | Noticed Bai Suzhen
 37625 | Snake:4  | Killed Bai Suzhen
 38163 | Snake:4  | Noticed Mara
 38168 | Snake:4  | Noticed CarefulOdds's illusion
 38175 | Snake:4  | Killed Mara
 38479 | Snake:4  | Noticed Louise
 38486 | Snake:4  | Killed Louise
 38520 | Snake:4  | Found Logroph's Book Boutique.
 38526 | Snake:4  | Bought a Fen Folio for 672 gold pieces
 38997 | Snake:4  | Reached skill level 15 in Summonings
 39121 | Snake:4  | Got a serpentine rune of Zot
 39487 | Swamp:1  | Entered Level 1 of the Swamp
 40106 | Swamp:1  | Learned a level 7 spell: Summon Hydra
 41252 | Swamp:2  | Reached XP level 18. HP: 169/169 MP: 22/35
 41762 | Swamp:3  | Identified the +2 ring mail "Azasedd" {Harm rN+ Dex+2}
 42341 | Swamp:3  | Reached skill level 10 in Spellcasting
 42708 | Swamp:4  | Entered Level 4 of the Swamp
 44349 | Swamp:4  | Noticed a tentacled monstrosity
 44353 | Swamp:4  | Killed a tentacled monstrosity
 44594 | Swamp:4  | Got a decaying rune of Zot
 45120 | Elf:1    | Entered Level 1 of the Elven Halls
 46348 | Elf:1    | Identified the Discourse on Decalescent Coordinates
 46650 | Elf:2    | Reached XP level 19. HP: 179/179 MP: 2/37
 46735 | Elf:2    | Found a shimmering blue altar of Sif Muna.
 47257 | Elf:2    | Found a runed translucent gate.
 47258 | Elf:2    | Found a runed translucent gate.
 47258 | Elf:2    | Found a runed translucent gate.
 47390 | Elf:3    | Entered Level 3 of the Elven Halls
 47980 | Abyss:4  | Cast into level 4 of the Abyss (+4 trident of distortion)
 47995 | Abyss:4  | Found a corrupted altar of Lugonu.
 48024 | Elf:3    | Escaped the Abyss
 48801 | Abyss:4  | Cast into level 4 of the Abyss (a deep elf sorcerer)
 48827 | Abyss:4  | Reached skill level 15 in Fighting
 49135 | Abyss:4  | Noticed a bone dragon
 49144 | Elf:3    | Escaped the Abyss
 49390 | Elf:3    | Identified the ring "Ynaap" {rElec Will+ Dex+6}
 49559 | Elf:3    | Identified the +6 whip of Quffess {freeze, rF- Str+4 Dex+4}
 49807 | Elf:3    | Identified the staff "Kacved" {^Drain rElec rF++ Air}
 49869 | Elf:3    | Learned a level 9 spell: Dragon's Call
 50239 | Vaults:1 | Entered Level 1 of the Vaults
 50309 | Vaults:1 | Upgraded the game from 0.32-a0-519-g08f29ac1c3 to
                  | 0.32-a0-558-g233958a4c4
 50462 | Vaults:1 | Found a magical portal.
 50502 | WizLab   | Entered Eringya's Formal Garden
 50509 | WizLab   | Reached skill level 15 in Armour
 51057 | WizLab   | Found a blossoming altar of Fedhas.
 51249 | WizLab   | Reached XP level 20. HP: 186/189 MP: 26/38
 51315 | WizLab   | Identified Eringya's Spellbook of the Alembic
 52107 | Vaults:1 | Identified the +5 falchion of the Vestibule of Hell {speed,
                  | rF+}
 52355 | Vaults:1 | Identified the +1 pair of boots of Liberty {Rampage rC++
                  | Str+3 Int-5}
 52440 | Vaults:1 | Identified the Incunabulum of Lava and Attacks
 53571 | Vaults:2 | Identified the granite talisman "Zalilog" {rN+ MP-9 Str+5
                  | Int-3}
 53800 | Vaults:2 | Found a staircase to the Crypt.
 55449 | Vaults:3 | Reached XP level 21. HP: 205/205 MP: 27/41
 56584 | Vaults:4 | Found a glowing golden altar of the Shining One.
 58181 | Depths:1 | Entered Level 1 of the Depths
 58212 | Depths:1 | Found a transporter.
 58449 | Depths:1 | Found a one-way gateway to a ziggurat.
 58681 | Depths:1 | Found a gateway to Hell.
 58887 | Depths:1 | Identified the amulet of Gozag's Pride {RegenMP Harm +Inv
                  | RegenMP+ Dex+2}
 58888 | Depths:1 | Found a corrupted altar of Lugonu.
 58888 | Depths:1 | Identified the Discursus on Reformation
 59036 | Depths:1 | Found Heunu's Book Emporium.
 59037 | Depths:1 | Found Kerank's Jewellery Shop.
 59038 | Depths:1 | Found Tont's Book Emporium.
 59584 | Depths:2 | Noticed a caustic shrike
 59615 | Depths:2 | Killed a caustic shrike
 59991 | Depths:2 | Noticed a juggernaut
 60003 | Depths:2 | Killed a juggernaut
 60296 | Depths:2 | Found a one-way gate leading to the halls of Pandemonium.
 60580 | Depths:2 | Reached XP level 22. HP: 201/217 MP: 10/43
 61609 | Depths:2 | Found a glowing silver altar of Zin.
 61623 | Depths:2 | Identified Ishruor's Codex of Refulgent Transformation
 61625 | Depths:2 | Identified the +9 great sword of Big Damage {freeze, rF+
                  | rN+}
 62434 | Depths:3 | Found Ihoyst's Book Shop.
 62505 | Depths:3 | Found Yhahyf's Weapon Shop.
 62700 | Depths:3 | Found Gatrinayd's Antique Armour Shoppe.
 63001 | Depths:3 | Noticed Norris
 63005 | Depths:3 | Killed Norris
 63028 | Depths:3 | Identified the staff "Cetraoss" {rElec rC+ Ice}
 63028 | Depths:3 | Identified the ring of Agnosticism {Ice rPois Int+3}
 63028 | Depths:3 | Noticed Josephina
 63035 | Depths:3 | Killed Josephina
 63112 | Depths:3 | Found Sonlisim's Armour Emporium.
 63239 | Depths:3 | Found a one-way gate to the infinite horrors of the Abyss.
 63277 | Depths:3 | Found Wymm's Antique Weapon Emporium.
 63406 | Depths:4 | Entered Level 4 of the Depths
 63419 | Depths:4 | Noticed a golden dragon
 63427 | Depths:4 | Killed a golden dragon
 63445 | Depths:4 | Noticed a golden dragon
 63450 | Depths:4 | Killed a golden dragon
 63658 | Depths:4 | Found Qyat's Jewellery Shop.
 63732 | Depths:4 | Noticed the Enchantress
 63781 | Depths:4 | Killed the Enchantress
 63866 | Depths:4 | Reached XP level 23. HP: 223/223 MP: 23/43
 63867 | Depths:4 | Found a gate to the Realm of Zot.
 64366 | Depths:4 | Identified the +0 leather armour of the Butterfly {MP-9
                  | Str+8 Dex+2}
 64406 | Depths:4 | Your ally Enchantress spriggan zombie died
 64522 | Depths:4 | Noticed a juggernaut
 65352 | Vaults:5 | Entered Level 5 of the Vaults
 65352 | Vaults:5 | Identified Aczyuwk's Spellbook of the Tectonic Manifold
 65559 | Vaults:5 | Noticed an ancient lich
 65565 | Vaults:5 | Killed an ancient lich
 65762 | Vaults:5 | Reached skill level 5 in Dodging
 65935 | Vaults:5 | Identified the staff of Omeozon {+Blink rC+ rN+ Ice}
 65947 | Vaults:5 | Identified A Discursus on Spells
 66219 | Vaults:5 | Noticed an ancient lich
 66343 | Vaults:5 | Found Fiuz's Distillery.
 66343 | Vaults:5 | Found Pumes's Distillery.
 66369 | Vaults:5 | Found Guddaesso's Magic Scroll Emporium.
 66373 | Vaults:5 | Bought a scroll of blinking for 120 gold pieces
 66410 | Vaults:5 | Learned a level 9 spell: Death's Door
 66486 | Vaults:5 | Reached XP level 24. HP: 237/237 MP: 31/45
 66610 | Vaults:5 | Got a silver rune of Zot
 66776 | Vaults:5 | Found Odutuv's Distillery.
 66780 | Vaults:5 | Bought a potion of heal wounds for 100 gold pieces
 66780 | Vaults:5 | Bought a potion of haste for 200 gold pieces
 66780 | Vaults:5 | Bought a potion of enlightenment for 100 gold pieces
 66801 | Vaults:5 | Bought a potion of mutation for 136 gold pieces
 66801 | Vaults:5 | Bought a potion of mutation for 136 gold pieces
 66801 | Vaults:5 | Bought a potion of magic for 136 gold pieces
 66801 | Vaults:5 | Bought a potion of haste for 170 gold pieces
 66801 | Vaults:5 | Bought a potion of brilliance for 68 gold pieces
 67091 | Vaults:5 | Killed an ancient lich
 67426 | Slime:1  | Entered Level 1 of the Pits of Slime
 67678 | Slime:5  | Entered Level 5 of the Pits of Slime
 67832 | Slime:5  | Gained mutation: You are clumsy. (Dex -2) [a shining eye]
 67851 | Slime:5  | Lost mutation: You are clumsy. (Dex -2) [potion of
                  | mutation]
 67851 | Slime:5  | Gained mutation: You are partially covered in iridescent
                  | scales. (AC +2) [potion of mutation]
 67851 | Slime:5  | Gained mutation: You are clumsy. (Dex -2) [potion of
                  | mutation]
 67871 | Slime:5  | Noticed the Royal Jelly
 67936 | Slime:5  | Killed the Royal Jelly
 68107 | Slime:5  | Identified Sif Muna's Information on Subspace and
                  | Invitation
 68107 | Slime:5  | Identified the amulet "Gipt" {+Inv rElec Regen+ Stlth+}
 68127 | Slime:5  | Got a slimy rune of Zot
 68204 | Slime:5  | Identified the +2 leather armour of Objectivity {rF+ Dex+2}
 68204 | Slime:5  | Identified the ring of Tops {MP+9 Dex+2}
 68204 | Slime:5  | Identified the +4 robe "Jaofuc" {rPois SInv}
 69021 | Crypt:1  | Entered Level 1 of the Crypt
 69038 | Crypt:1  | Reached skill level 15 in Spellcasting
 69986 | Zot:1    | Entered Level 1 of the Realm of Zot
 70347 | Depths:1 | Bought a book of Cantrips for 352 gold pieces
 70349 | Depths:1 | Learned a level 1 spell: Apportation
 70679 | Zot:3    | Noticed a Killer Klown
 70691 | Zot:3    | Killed a Killer Klown
 71052 | Zot:5    | Entered Level 5 of the Realm of Zot
 71245 | Zot:4    | Found the +4 Cigotuvi's embrace {Corpsefed rMiasma ^Drain
                  | rN+}
 71402 | Zot:4    | Reached XP level 25. HP: 235/250 MP: 7/47
 71407 | Zot:4    | Found the +4 dragonskin cloak
 71407 | Zot:4    | Identified the ring "Lurr" {EV+5 Int-5 Dex+5}
 71407 | Zot:4    | Noticed Tiamat
 71521 | Zot:4    | Killed Tiamat
 71522 | Zot:4    | Identified the +0 scale mail of Faerotse {rC+ Str+4}
 72924 | Crypt:2  | Identified the +2 robe of the Jumping Gods {Will+}
 72924 | Crypt:2  | Noticed Boris
 73679 | Zot:4    | Reached skill level 15 in Necromancy
 74906 | Zot:5    | Noticed an ancient lich
 74918 | Zot:5    | Killed an ancient lich
 74920 | Zot:5    | Noticed a dread lich
 74993 | Zot:5    | Killed a dread lich
 75100 | Zot:5    | Learned a level 4 spell: Passage of Golubria
 75138 | Zot:5    | Noticed an orb of fire
 75150 | Zot:5    | Noticed an orb of fire
 75152 | Zot:5    | Noticed an ancient lich
 75152 | Zot:5    | Noticed an orb of fire
 75177 | Zot:5    | Killed an orb of fire
 75360 | Zot:5    | Noticed an ancient lich
 75361 | Zot:5    | Noticed a Killer Klown
 75371 | Zot:5    | Noticed an orb of fire
 75380 | Zot:5    | Gained mutation: Your spells are a little easier to cast,
                  | but a little less powerful. [an orb of fire]
 75386 | Zot:4    | Lost mutation: You are partially covered in iridescent
                  | scales. (AC +2) [potion of mutation]
 75386 | Zot:4    | Lost mutation: You are clumsy. (Dex -2) [potion of
                  | mutation]
 75386 | Zot:4    | Gained mutation: Your magical capacity is low. (-10% MP)
                  | [potion of mutation]
 75387 | Zot:4    | Lost mutation: Your magical capacity is low. (-10% MP)
                  | [potion of mutation]
 75387 | Zot:4    | Lost mutation: Your spells are a little easier to cast, but
                  | a little less powerful. [potion of mutation]
 75387 | Zot:4    | Gained mutation: You occasionally lose the ability to drink
                  | potions when taking damage. [potion of mutation]
 75387 | Zot:4    | Gained mutation: Your muscles are strong. (Str +4, Int/Dex
                  | -1) [potion of mutation]
 75391 | Zot:4    | Lost mutation: You occasionally lose the ability to drink
                  | potions when taking damage. [potion of mutation]
 75391 | Zot:4    | Lost mutation: Your muscles are strong. (Str +4, Int/Dex
                  | -1) [potion of mutation]
 75391 | Zot:4    | Gained mutation: You occasionally lose the ability to drink
                  | potions when taking damage. [potion of mutation]
 75391 | Zot:4    | Gained mutation: You are somewhat resistant to further
                  | mutation. [potion of mutation]
 75506 | Zot:4    | Killed an orb of fire
 75607 | Zot:5    | Noticed a Killer Klown
 75609 | Zot:5    | Noticed an orb of fire
 75611 | Zot:5    | Killed a Killer Klown
 75622 | Zot:4    | Killed an orb of fire
 75700 | Zot:5    | Noticed a dread lich
 75705 | Zot:5    | Killed an ancient lich
 75714 | Zot:5    | Killed a dread lich
 75725 | Zot:5    | Killed an orb of fire
 75923 | Zot:5    | Noticed a Killer Klown
 75932 | Zot:5    | Killed a Killer Klown
 75945 | Zot:5    | Reached XP level 26. HP: 205/264 MP: 6/47
 76063 | Zot:5    | Killed an orb of fire
 76384 | Zot:5    | Got the Orb of Zot
 76521 | Zot:3    | Noticed Oreimyun the pandemonium lord
 77056 | D:$      | Escaped with the Orb!

Illustrated notes

Levels and vault maps discovered:
D:1:      dpeg_arrival_subterranean_lakeside_camping, layout_loops_corners,
          st_stairs_3, chequers_avenue, chequers_serial_rivers_micro_a
D:2:      layout_basic, serial_shops, shop, corner_web_ring,
          uniq_crazy_yiuf_cottage, uniq_terence
D:3:      layout_rooms
D:4:      layout_loops_cross, nicolae_ashenzari_skybound, minmay_pentomino_pile,
          uniq_sigmund, uniq_duvessa, uniq_pikel
D:5:      layout_cave_pools, mainiacjoe_overflow_24_doors,
          minmay_temple_entry_fiery, uniq_ijyb, uniq_grinder
D:6:      cheibrodos_barr_body, layout_rooms, serial_shops,
          nicolae_shop_tiny_real_fake_doors, shop, nicolae_shop_trees, shop,
          nicolae_diamond_shop, serial_demonic, serial_demonic_f,
          serial_demonic_e, serial_demonic_g, serial_demonic_f,
          serial_demonic_g, serial_demonic_d, serial_demonic_g,
          serial_demonic_a, serial_demonic_e, serial_demonic_a, uniq_jeremiah
D:7:      layout_rooms, uniq_menkaure
D:8:      nzn_winding_woodlands_large [nzn_winding_woodlands_hourglass,
          nzn_winding_woodlands_5x15_pockets, nzn_winding_woodlands_5x5_default,
          nzn_winding_woodlands_center_diamonds,
          nzn_winding_woodlands_15x15_eel_pit,
          nzn_winding_woodlands_center_pierced_h,
          nzn_winding_woodlands_5x5_default,
          nzn_winding_woodlands_5x15_sidewinder,
          nzn_winding_woodlands_5x5_default], layout_layer_cave,
          makhleb_blood_cavern_becter, nicolae_overflow_macrodata_refinement,
          mainiacjoe_overflow_surrounded_room
D:9:      layout_roguey, erik_orc_4
D:10:     layout_gridville, elyvilon_altar_4,
          chequers_temple_overflow_statue_of_worship, lair_entry_dummy,
          nicolae_trove_entry_crystal, minivault_25, minivault_11
D:11:     layout_rooms
D:12:     layout_gridville, serial_shops, nicolae_shop_tiny_real_fake_doors,
          minmay_shop_mayhem, minmay_mirror_moons_of_madness
D:13:     layout_roguey, wad_woods_river_04, nicolae_doodle_vault, uniq_kirke
D:14:     layout_irregular_city, david_vaults_3, serial_shops, shop,
          fountainhead, ice2_lemuel
D:15:     gammafunk_depths_entry_grave, layout_loops_ring,
          nicolae_hepliaklqana_monster_ancestors, uniq_nessos, uniq_agnes
Lair:1:   layout_cave_pods
Lair:2:   layout_regular_city, mainiacjoe_swamp_entry_lozenge_pond,
          gammafunk_ghost_necromancy
Lair:3:   layout_cave_pods, nicolae_snake_entry_warm_welcome,
          chequers_serial_rivers_micro_a, patterned_corridor
Lair:4:   layout_regular_city, dpeg_slime_entry_enclosed, grunt_megastairs_5
Lair:5:   evilmike_catoblepas_cave, layout_gridlike
Swamp:1:  layout_falls_marsh, evilmike_swamp_ruin_house_2
Swamp:2:  layout_basic_swamp, evilmike_swamp_ruin_rubble_1,
          nicolae_swamp_decorative_isthmus
Swamp:3:  layout_basic_swamp, nicolae_swamp_stuck_in_the_mud, swamp_pool_1_2,
          infiniplex_staircase_pool_2
Swamp:4:  nzn_swamp_witches_coven, layout_basic_swamp
Snake:1:  layout_gridlike, lemuel_fruit_tree, uniq_donald
Snake:2:  layout_layer_cave, guppyfry_snake_island, uniq_vashnia
Snake:3:  layout_chambers, gammafunk_ghost_arena, grunt_megastairs_3,
          uniq_roxanne, uniq_aizul
Snake:4:  johnstein_snake_rune_scales, layout_grid_maze, serial_shops, shop,
          uniq_bai_suzhen, uniq_louise, uniq_mara
Slime:1:  layout_caves
Slime:2:  layout_caves
Slime:3:  layout_caves
Slime:4:  layout_caves
Slime:5:  slime_pit_nicolae_block_by_block
Orc:1:    layout_caves, basic_altar, serial_shops, shop_statue, shop_fountains,
          nicolae_shop_advertising_works [nicolae_subvault_shop_adworks], shop
Orc:2:    hellmonk_orc_salted, layout_diamond_mine, enter_volcano_3,
          nicolae_orc_lost_temple, uniq_azrael
Elf:1:    elf_arrival_001, layout_gridlike, nicolae_elf_crossing_hall
Elf:2:    nicolae_elf_blades_crystal_corner, layout_onion_city, basic_altar
Elf:3:    minmay_elf_hall_furrowed, layout_geoelf_castle
Vaults:1: lightli_enter_wizlab_magi_temple, vaults_dpeg_spiral,
          nicolae_vaults_tangram_2, vaults_dpeg_hooks,
          nicolae_vaults_shelves_hall, v_misc_27, ontoclasm_vaults_chip,
          nicolae_vaults_prndl, nicolae_vaults_closet_pinwheel_3,
          nicolae_vaults_apartment_2, layout_vaults_omnigrid
Vaults:2: v_misc_2, nicolae_vaults_prndl, v_rooms_2,
          nicolae_vaults_puzzle_piece, ontoclasm_vaults_chip,
          nicolae_vaults_steering_wheel, grunt_vaults_hallway_long,
          nicolae_vaults_network_quinsquares
          [nicolae_vaults_network_quincunx_subvault,
          nicolae_vaults_network_quincunx_subvault,
          nicolae_vaults_network_quincunx_subvault,
          nicolae_vaults_network_quincunx_subvault], vaults_room_semicircle,
          nicolae_vaults_surprise_closet_hard, layout_vaults_chaotic_city,
          dummy_crypt_entry
Vaults:3: nicolae_vaults_storage_room_doors, v_misc_8,
          nicolae_vaults_disappearing_quadrants,
          nicolae_vaults_ellipses_ellipsis, vaults_dpeg_emergency_exit,
          vaults_room_octagon, nicolae_vaults_network_s, nicolae_vaults_theta,
          ontoclasm_vaults_ring_small, nicolae_vaults_little_squares_5,
          ontoclasm_vaults_fault, vaults_room_fancy_cross, v_misc_22,
          ontoclasm_vaults_decontamination, layout_vaults_omnibox
Vaults:4: nicolae_vaults_theta, nicolae_vaults_little_squares_3,
          nicolae_vaults_surprise_closet, vaults_room_hallway,
          nicolae_vaults_wine_cellar, nicolae_vaults_specimen_jars,
          nicolae_vaults_mini_display_case, nicolae_vaults_closet_pinwheel_5,
          v_misc_19, nicolae_vaults_weapon_check,
          nicolae_vaults_closet_pinwheel_5, lemuel_angel_altar,
          ontoclasm_vaults_ring_square, layout_vaults_omnicross
Vaults:5
Crypt:1:  layout_regular_city, serial_co_window_serial, co_window_corner_a,
          co_window_paths_a, co_window_of_opportunity_a,
          co_window_of_opportunity_a, co_window_corner_a, co_window_2corner,
          co_window_corner_b, co_window_corner_ca, co_window_4corner_b,
          co_window_4corner_a, glass_columns_a, glass_columns_b,
          glass_columns_c, glass_columns_c
Crypt:2:  minmay_shadows, layout_basic, uniq_boris, uniq_margery, uniq_vv,
          uniq_jory
Depths:1: gammafunk_corrupted_shrine, layout_honeycomb, enter_ziggurat_d,
          hell_entry, roderic_lattice_a, sword_in_stone, minmay_shop_grove,
          firewood_loft, serial_bayou_shore_b, grunt_megastairs_2
Depths:2: minmay_the_grid_octo_tiled_octocenter_mashed
          [minmay_the_grid_octo_thin_diamonds,
          minmay_the_grid_octo_vomiting_pacman, minmay_the_grid_octo_focus,
          minmay_the_grid_octo_checkerflower, minmay_the_grid_octo_prize_star,
          minmay_the_grid_square_5x5_dogpile,
          minmay_the_grid_square_5x5_almost_minimal,
          minmay_the_grid_square_5x5_half_checkered,
          minmay_the_grid_square_5x5_trominoes], layout_gridlike,
          kennysheep_pointless_box, grunt_metal_band, rand_demon_pan_entry_1,
          nicolae_concentric_dashed_squares_mild
Depths:3: kennysheep_blocky_room, layout_gridlike,
          pf_vacation_house_of_asmodeus, hex_tiny, serial_shops,
          nicolae_shop_crystal, shop, nicolae_shop_tiny_statue_garden,
          nicolae_shop_real_fake_doors, shop, abyss_entry, uniq_norris,
          uniq_josephina
Depths:4: evilmike_zot_entry_round, layout_basic, hell_entry, pan_entry,
          serial_shops, shop, nicolae_keep_em_comin, uniq_enchantress
Zot:1:    ebering_klown_carousel, layout_basic, regret_index_zotdec_wing_it
Zot:2:    layout_concentric_octagons
Zot:3:    layout_misc_corridors, regret_index_zotdec_ex,
          regret_index_zotdec_golden_two_three
Zot:4:    layout_gridville, st_grand_hoard_of_tiamat
Zot:5:    layout_misc_corridors, lemuel_golem_globe

Skill      XL: |  1  2  3  4  5  6  7  8  9 10 11 12 13 14 15 16 17 18 19 20 21 22 23 24 25 26 |
---------------+-------------------------------------------------------------------------------+-----
Conjurations   | 3 4 5 6 |  6.1
Spellcasting   | 2 3 4 5 6 7 8 9 10 11 12 13 14 15 16 | 16.3
Maces & Flails | 4 5 6 7 8 10 11 13 14 15 16 | 16.9
Necromancy     | 1 3 6 8 10 11 14 17 | 17.6
Translocations | 1 2 3 |  3.8
Fighting       | 3 4 5 6 8 9 10 11 12 13 14 15 17 18 19 20 21 22 | 22.4
Armour         | 1 2 3 4 5 7 8 9 10 11 12 14 15 16 17 18 20 21 22 | 22.1
Ice Magic      | 2 3 |  3.0
Summonings     | 2 4 6 8 9 10 12 13 14 15 17 18 20 22 | 22.9
Fire Magic     | 2 5 7 8 |  8.0
Evocations     | 3 5 6 |  6.3
Earth Magic    | 3 8 |  8.4
Dodging        | 2 6 7 9 |  9.4

Action                     |  1- 3 |  4- 6 |  7- 9 | 10-12 | 13-15 | 16-18 | 19-21 | 22-24 | 25-27 || total
---------------------------+-------+-------+-------+-------+-------+-------+-------+-------+-------++-------
  Melee: Mace              |    61 |   112 |    77 |       |       |       |       |       |       ||   250
         Whip              |     5 |    34 |     5 |       |       |       |       |       |       ||    44
         Great mace        |       |       |   139 |   438 |   773 |   981 |   712 |   421 |   155 ||  3619
   Cast: Momentum Strike   |    20 |    15 |    12 |     1 |       |       |       |       |       ||    48
         Kiss of Death     |       |     2 |       |       |       |       |       |       |       ||     2
         Hailstorm         |       |     2 |    18 |    22 |     4 |       |       |       |       ||    46
         Summon Blazeheart |       |       |     2 |    56 |    90 |       |       |       |       ||   148
         Ozocubu's Armour  |       |       |     1 |       |       |       |       |       |       ||     1
         Summon Cactus Gia |       |       |       |     8 |    98 |     1 |       |       |       ||   107
         Animate Dead      |       |       |       |       |     5 |       |       |     1 |       ||     6
         Borgnjor's Vile C |       |       |       |       |    21 |   162 |    80 |    65 |    42 ||   370
         Manifold Assault  |       |       |       |       |    57 |   581 |   228 |    53 |    29 ||   948
         Haunt             |       |       |       |       |       |   130 |    89 |    59 |    58 ||   336
         Summon Hydra      |       |       |       |       |       |    17 |    36 |    27 |    11 ||    91
         Dragon's Call     |       |       |       |       |       |       |    33 |    49 |    34 ||   116
         Apportation       |       |       |       |       |       |       |       |     5 |       ||     5
         Passage of Golubr |       |       |       |       |       |       |       |       |     2 ||     2
 Invoke: Curse Item        |       |       |     3 |     6 |     5 |     1 |     3 |     3 |     1 ||    22
         Shatter the Chain |       |       |     1 |     1 |     4 |       |     3 |     3 |     1 ||    13
  Evoke: Wand              |       |       |       |       |     3 |     9 |     1 |     1 |     1 ||    15
         Sack of spiders   |       |       |       |       |       |       |     1 |     1 |     1 ||     3
         Lightning rod     |       |       |       |       |       |       |       |     3 |       ||     3
    Use: Scroll            |     1 |     6 |     3 |     4 |     4 |     6 |     5 |    11 |     4 ||    44
         Potion            |       |     3 |     3 |     3 |       |     7 |     9 |     4 |     7 ||    36
   Stab: Distracted        |       |       |       |     2 |     3 |     4 |    10 |    13 |     4 ||    36
         Sleeping          |       |       |       |       |       |       |     3 |     1 |       ||     4
 Armour: Leather armour    |    40 |    19 |       |       |       |       |       |       |       ||    59
         Scale mail        |       |   102 |   213 |   429 |       |       |       |       |       ||   744
         Chain mail        |       |       |       |   114 |   910 |   407 |   152 |       |       ||  1583
         Swamp dragon scal |       |       |       |       |       |       |   412 |   117 |       ||   529
         Acid dragon scale |       |       |       |       |       |       |       |   322 |   189 ||   511
  Dodge: Dodged            |    40 |    61 |   149 |   324 |   426 |    90 |   222 |   223 |    75 ||  1610
         Repelled          |       |       |       |       |       |    23 |       |       |       ||    23

Table legend: (Time is in decaauts)
 A = Elapsed time spent in this place.
 B = Non-inter-level travel time spent in this place.
 C = Inter-level travel time spent in this place.
 D = Time resting spent in this place.
 E = Time spent auto-exploring this place.
 F = Levels seen in this place.
 G = Mean time per level.
                   A        B        C        D        E       F      G
               +--------+--------+--------+--------+--------+-----+--------+
         Total |  77117 |  68187 |   8930 |  26715 |  28081 |  58 | 1329.6 |
       Dungeon |  20458 |  17327 |   3131 |   5935 |   8223 |  15 | 1363.9 |
          Lair |   8930 |   7543 |   1387 |   2907 |   3556 |   5 | 1786.0 |
         Swamp |   5855 |   5606 |    249 |   2948 |   1723 |   4 | 1463.8 |
     Snake Pit |   8258 |   7824 |    434 |   3877 |   2674 |   4 | 2064.5 |
    Slime Pits |   1178 |    944 |    234 |    369 |    187 |   5 |  235.6 |
  Orcish Mines |   3141 |   2881 |    260 |   1431 |   1047 |   2 | 1570.5 |
   Elven Halls |   4503 |   4346 |    157 |   1746 |   1805 |   3 | 1501.0 |
        Vaults |   9157 |   8204 |    953 |   2348 |   3967 |   5 | 1831.4 |
         Crypt |   1192 |   1079 |    113 |    135 |    794 |   2 |  596.0 |
        Depths |   7274 |   5995 |   1279 |   1990 |   2633 |   4 | 1818.5 |
           Zot |   4872 |   4143 |    729 |   1704 |   1014 |   5 |  974.4 |
         Abyss |    371 |    371 |      0 |    234 |      0 |   2 |  185.5 |
       Volcano |    703 |    703 |      0 |    386 |    170 |   1 |  703.0 |
        Wizlab |   1218 |   1218 |      0 |    703 |    286 |   1 | 1218.0 |
               +--------+--------+--------+--------+--------+-----+--------+

Top non-repeatable levels by time:
 Snake:3: 3087 daAuts
     D:8: 2532 daAuts
 Snake:4: 2341 daAuts
   Elf:3: 2226 daAuts
Vaults:2: 2182 daAuts
   Zot:4: 2143 daAuts
  Lair:3: 2131 daAuts
 Swamp:4: 2126 daAuts
   Zot:5: 2032 daAuts
Depths:4: 2003 daAuts
Depths:1: 1985 daAuts
Depths:2: 1932 daAuts
Vaults:1: 1829 daAuts
    D:13: 1805 daAuts
  Lair:2: 1800 daAuts
